AoeStats
← Slicesr

Black Forest

510740821Analyzed
4v4 RM · 5h ago on Oct 2, 2026· 65m 37s· 8 players
Game mode
Random Map
Map size
Large (8 player)
Population
200
Speed
Normal
Resources
Standard
Victory
Conquest
Starting age
Dark Age
Ending age
Imperial Age
RankedLock teamsTeams togetherTeam positionsShared explorationLock speedFull tech treeHidden civsTurbo modeCheats
Victory
Defeat
🇮🇳 Danes · India
852
+11
🇮🇳 Goths · India
744
+15
🇦🇷 Lithuanians · Argentina
701
+17
🇯🇵 Khmer · Japan
699
+18
🇫🇷 Poles · France
782
-17
🇺🇸 Portuguese · United States
725
-15
🇩🇪 Britons · Germany
717
-15
🇦🇷 Spanish · Argentina
704
-14
Taking
11:03 Feudal Age
11:52 Double-Bit Axe
12:05 Horse Collar
15:12 Wheelbarrow
16:40 Gold Mining
17:29 Wheelbarrow
19:43 Castle Age
21:23 Hand Cart
24:16 Padded Archer Armor
24:51 Loom
26:11 Caravan
27:45 Gold Shaft Mining
27:44 Stone Mining
31:41 Imperial Age
31:22 Ballistics
33:40 Chemistry
37:31 Elite Longbowman
39:55 Fletching
40:21 Leather Archer Armor
42:09 Yeomen
48:00 Masonry
47:31 Treadmill Crane
47:41 Heated Shot
47:51 Bodkin Arrow
48:27 Ring Archer Armor
49:27 Bracer
49:40 Forging
49:31 Scale Mail Armor
60:00 Architecture
59:16 Arrowslits
60:11 Iron Casting
59:51 Chain Mail Armor
60:09 Warwolf
61:45 Conscription
Slicesr
4:32 Loom
11:43 Feudal Age
13:36 Town Watch
15:26 Wheelbarrow
24:56 Castle Age
27:32 Town Patrol
30:00 Hand Cart
34:39 Double-Bit Axe
34:54 Stone Mining
35:01 Gold Mining
34:41 Man-at-Arms
35:07 Gambesons
34:43 Pikeman
35:33 Caravan
38:35 Coinage
38:10 Padded Archer Armor
38:02 Fletching
38:08 Guard Tower
39:32 Arson
43:32 Imperial Age
41:05 Horse Collar
44:17 Heavy Plow
46:31 Halberdier
46:32 Long Swordsman
48:12 Bow Saw
53:34 Crop Rotation
52:43 Two-Handed Swordsman
55:21 Masonry
54:53 Treadmill Crane
57:39 Leather Archer Armor
57:20 Bodkin Arrow
57:29 Scale Mail Armor
57:40 Forging
63:42 Champion
NomadRider5217
0:39 Loom
14:22 Feudal Age
21:07 Castle Age
20:37 Double-Bit Axe
21:05 Horse Collar
21:41 Gold Mining
22:07 Bow Saw
22:00 Heavy Plow
26:22 Fletching
27:12 Town Watch
28:03 Wheelbarrow
28:06 Bodkin Arrow
29:31 Forging
29:32 Scale Mail Armor
35:59 Iron Casting
36:26 Chain Mail Armor
38:24 Squires
38:10 Arson
40:44 Pikeman
44:33 Imperial Age
42:19 Hand Cart
42:10 Town Patrol
45:55 Conscription
45:06 Capped Ram
47:19 Plate Mail Armor
47:49 Blast Furnace
47:24 Plate Mail Armor
46:23 Siege Ram
48:08 Bracer
49:34 Murder Holes
50:21 Hoardings
50:04 Masonry
52:06 Coinage
52:08 Stone Mining
52:54 Crop Rotation
55:26 Banking
57:13 Elite Obuch
58:42 Caravan
61:20 Man-at-Arms
WallieMarruecos
0:28 Loom
11:12 Feudal Age
11:46 Double-Bit Axe
11:47 Horse Collar
13:23 Town Watch
15:08 Gold Mining
16:58 Stone Mining
17:47 Wheelbarrow
21:05 Castle Age
23:00 Bow Saw
22:55 Heavy Plow
25:09 Fervor
27:13 Stone Shaft Mining
29:15 Hand Cart
28:50 Fishing Lines
29:38 Fletching
30:30 Town Patrol
31:14 Ballistics
31:09 Scale Barding Armor
36:33 Imperial Age
35:08 Gillnets
35:42 Masonry
36:43 Forging
38:42 Herbal Medicine
40:41 Chemistry
39:16 Elite Conquistador
47:18 Bodkin Arrow
55:41 Two-Man Saw
58:04 Husbandry
60:16 Squires
62:25 Light Cavalry
豚マソ
2:35 Loom
15:53 Feudal Age
20:19 Castle Age
18:02 Horse Collar
18:09 Double-Bit Axe
18:18 Gold Mining
18:18 Stone Mining
21:01 Caravan
21:17 Bow Saw
21:41 Heavy Plow
23:41 Gold Shaft Mining
23:43 Stone Shaft Mining
24:12 Wheelbarrow
27:23 Ballistics
28:18 Hand Cart
31:32 Imperial Age
30:08 Scale Barding Armor
30:14 Forging
30:08 Tusk Swords
30:17 Town Watch
31:00 Husbandry
31:11 Bloodlines
31:42 Chain Barding Armor
32:56 Conscription
33:24 Plate Barding Armor
33:24 Iron Casting
33:33 Crop Rotation
34:57 Chemistry
35:10 Town Patrol
35:24 Double Crossbow
35:41 Heavy Scorpion
38:44 Elite Ballista Elephant
42:38 Blast Furnace
43:34 Elite Battle Elephant
50:55 Fletching
55:35 Light Cavalry
58:43 Hussar
Killing Strike
0:31 Loom
11:30 Feudal Age
16:07 Castle Age
15:32 Double-Bit Axe
16:14 Horse Collar
28:15 Stone Mining
28:16 Gold Mining
28:26 Gold Mining
28:49 Bow Saw
28:43 Heavy Plow
29:53 Caravan
33:42 Imperial Age
30:38 Hamask
32:18 Murder Holes
32:16 Heated Shot
34:04 Gold Shaft Mining
34:06 Stone Shaft Mining
34:17 Forging
34:07 Scale Mail Armor
35:40 Chemistry
35:01 Ballistics
35:31 Wheelbarrow
34:43 Town Watch
34:54 Fishing Lines
34:45 Elite Jomsviking
37:16 Iron Casting
36:57 Chain Mail Armor
36:37 Gillnets
39:26 Blast Furnace
40:27 Elite Skirmisher
41:15 Thumb Ring
43:30 Hand Cart
43:15 Town Patrol
Luciano24cm
6:00 Loom
8:57 Feudal Age
9:25 Double-Bit Axe
16:55 Loom
19:35 Castle Age
17:39 Horse Collar
18:23 Gold Mining
20:57 Bow Saw
25:58 Fervor
32:28 Imperial Age
30:09 Loom
30:59 Wheelbarrow
30:10 Town Watch
30:29 Heavy Plow
31:23 Coinage
30:53 Stone Mining
31:35 Town Patrol
31:58 Hand Cart
32:31 Stone Shaft Mining
32:34 Onager
33:47 Crop Rotation
34:21 Two-Man Saw
33:21 Elite Leitis
34:09 Scale Barding Armor
34:15 Forging
34:21 Forging
40:40 Chain Barding Armor
40:55 Iron Casting
42:08 Plate Barding Armor
41:23 Fletching
41:34 Padded Archer Armor
43:17 Bloodlines
43:07 Husbandry
52:32 Guilds
52:53 Banking
52:23 Caravan
53:31 Fortified Wall
53:16 Murder Holes
53:32 Clinker Construction
53:32 Careening
53:33 Masonry
53:14 Guard Tower
54:25 Chemistry
54:16 Hill Forts
54:16 Tower Shields
54:51 Hoardings
54:36 Conscription
56:53 Carvel Hull
56:54 Dry Dock
58:28 Keep
59:24 Capped Ram
59:27 Cavalier
59:28 Light Cavalry
60:31 Bombard Tower
60:31 Ballistics
60:02 Heated Shot
59:53 Treadmill Crane
60:43 Architecture
60:16 Devotion
60:37 Heresy
59:41 Heavy Cavalry Archer
60:27 Thumb Ring
59:43 Elite Skirmisher
59:43 Crossbowman
60:09 Fishing Lines
60:40 Medium Warships
59:51 Demolition Ship
62:27 Scale Mail Armor
62:42 Leather Archer Armor
62:23 Bodkin Arrow
62:53 Faith
62:44 Redemption
62:35 Atonement
61:58 Paladin
61:59 Winged Hussar
62:02 Man-at-Arms
62:03 Pikeman
62:39 Gillnets
63:16 Heavy Warships
64:13 Theocracy
63:34 Herbal Medicine
63:55 Block Printing
64:00 Sanctity
64:06 Illumination
63:05 Long Swordsman
63:15 Elite Cannon Galleon
65:05 Chain Mail Armor
65:21 Ring Archer Armor
64:51 Bracer
64:15 Two-Handed Swordsman
64:16 Halberdier
65:17 Champion
65:58 Squires
65:44 Arson
ninjavarier
0:28 Loom
13:36 Feudal Age
18:55 Castle Age
17:32 Stone Mining
21:17 Double-Bit Axe
30:17 Gold Mining
34:55 Imperial Age
33:01 Wheelbarrow
32:32 Scale Mail Armor
32:47 Squires
32:48 Horse Collar
33:25 Anarchy
33:44 Chain Mail Armor
33:40 Forging
36:05 Iron Casting
Connection lost

Rejoining the realm…

Still unreachable

The connection could not be restored.

Session expired

The server has moved on; the page needs a fresh start.